 Dungeon Crawl Stone Soup version 0.31.0 (webtiles) character file.

Game seed: 5245272294928444441

17804 Arex the Fighter (level 12, -4/113 HPs)
             Began as a Minotaur Berserker on Jan 20, 2024.
             Was an Elder of Trog.
             Killed from afar by a lindwurm (28 damage)
             ... with a blast of flame
             ... on level 3 of the Lair of Beasts.
             The game lasted 00:28:44 (12022 turns).

Arex the Fighter (Minotaur Berserker)              Turns: 12022, Time: 00:28:44

Health: -4/113     AC: 22    Str: 30    XL:     12   Next: 22%
Magic:  11/11      EV: 10    Int:  6    God:    Trog [****..]
Gold:   267        SH:  0    Dex: 11    Spells: 11/11 levels left

rFire   . . .        a - +1 war axe (flame)
rCold   . . .        (no shield)
rNeg    . . .        G - +0 plate armour
rPois   +            (helmet restricted)
rElec   .            h - +2 cloak
rCorr   .            B - +0 pair of gloves {hurl}
SInv    .            y - +0 pair of boots
Will    .....        (no amulet)
Stlth   x              - +6 ring of strength
HPRegen 0.38/turn    H - ring of poison resistance
MPRegen 0.12/turn

%: no passive effects
@: about to teleport
A: horns 2, retaliatory headbutt
a: Renounce Religion, Berserk, Trog's Hand, Brothers in Arms


You were on level 3 of the Lair of Beasts.
You worshipped Trog.
Trog was greatly pleased with you.
You visited 2 branches of the dungeon, and saw 11 of its levels.

You collected 634 gold pieces.
You spent 367 gold pieces at shops.

Inventory:

Hand Weapons
 a - a +1 war axe of flaming (weapon)
 b - a +3 arbalest of freezing
Missiles
 s - 3 boomerangs (quivered)
 A - a throwing net
Armour
 h - a +2 cloak (worn)
 y - a +0 pair of boots (worn)
 B - a +0 pair of gloves of hurling (worn)
 G - a +0 plate armour (worn)
Jewellery
 k - a ring of flight
 w - a +5 ring of evasion
 x - a +6 ring of strength (left hand)
 H - a ring of poison resistance (right hand)
Wands
 I - a wand of paralysis (12)
 L - a wand of quicksilver (2)
Scrolls
 c - 2 scrolls of blinking
 d - 3 scrolls of noise
 e - 2 scrolls of fear
 f - 3 scrolls of amnesia
 j - 2 scrolls of vulnerability
 m - 3 scrolls of enchant armour
 n - a scroll of immolation
 r - a scroll of teleportation
 u - a scroll of silence
 C - a scroll of torment
 K - a scroll of summoning {unknown}
Potions
 g - 2 potions of mutation
 i - 3 potions of heal wounds
 l - a potion of enlightenment {unknown}
 o - a potion of cancellation {unknown}
 p - 2 potions of ambrosia
 q - 2 potions of might {unknown}
 t - 4 potions of curing
 v - 2 potions of haste {unknown}
 z - 2 potions of brilliance
 D - a potion of resistance {unknown}
 E - a potion of lignification {unknown}
 J - a potion of berserk rage {unknown}


   Skills:
 + Level 12.9 Fighting
 - Level 10.1 Axes
 + Level 11.7 Ranged Weapons
 - Level 0.3 Throwing
 + Level 12.1 Armour
 - Level 5.3 Dodging
 - Level 2.3 Stealth


You had 11 spell levels left.
You didn't know any spells.
Your spell library was empty.

Dungeon Overview and Level Annotations

Branches:
Dungeon (8/15)             Temple (0/1) D:7            Lair (3/5) D:8
  Swamp: Lair:2-3    Shoals: Lair:2-3     Snake: Lair:2-3    Spider: Lair:2-3

Altars:
Elyvilon
Gozag
Kikubaaqudgha
Sif Muna
Wu Jian
Xom

Shops:
D:4 *   D:8 (


Innate Abilities, Weirdness & Mutations

You have a pair of horns on your head.
You reflexively headbutt those who attack you in melee.


Message History

The bolt of dispelling energy hits the six-headed hydra!
The six-headed hydra is moderately wounded.
The bolt of dispelling energy hits the komodo dragon!
The komodo dragon is heavily wounded.
The bolt of dispelling energy hits the water moccasin!
The water moccasin is moderately wounded.
The six-headed hydra misses you. The six-headed hydra bites you!
The six-headed hydra barely misses you. The six-headed hydra bites you!
The six-headed hydra bites you but does no damage.
The six-headed hydra bites you!
Okay, then.
As you read the scroll of teleportation, it crumbles to dust.
You feel strangely unstable.
The six-headed hydra bites you but does no damage. x3
The six-headed hydra barely misses you.
The six-headed hydra bites you but does no damage.
The six-headed hydra barely misses you.
A lindwurm comes into view.
The lindwurm roars!
The six-headed hydra attacks as it pursues you!
The six-headed hydra closely misses you.
The six-headed hydra bites you but does no damage. x4
The six-headed hydra barely misses you.
The six-headed hydra attacks as it pursues you!
The six-headed hydra misses you. You furiously retaliate!
You headbutt the six-headed hydra!
The six-headed hydra closely misses you.
The six-headed hydra bites you! The six-headed hydra bites you.
* * * LOW HITPOINT WARNING * * *
The six-headed hydra barely misses you. The six-headed hydra bites you.
* * * LOW HITPOINT WARNING * * *
The lindwurm bites you but does no damage.
The lindwurm barely misses you. The lindwurm claws you.
* * * LOW HITPOINT WARNING * * *
There is an open door, spattered with blood here.
Items here: ††††.
Unknown command.
The lindwurm breathes flames at you. The blast of flame hits you!!
You die...

.......#.... ♣♣♣♣♣♣...♣♣♣♣♣♣♣...
.......#♣...♣♣♣.♣÷♣.~~~.♣.♣.♣♣.♣♣
.......#.♣.♣.....÷..~~~......†.♣
.......#♣...♣#♣.♣.♣.~~~.♣.♣.♣♣.♣♣
.......#.....#♣♣♣♣♣♣...♣♣♣♣♣♣♣...
..##...###.############# ###.
.###...# ♣.♣.#.... # ♣.
..#....#♣.♣.♣#†♣.######..+ ♣.#♣♣.
..#....#.♣.♣...♣@#...SF..# ♣....♣
.##....#♣.♣.♣#.♣kD.l###### ♣.#♣♣.
###....#.♣.♣ #...#### ♣. #
##...###. ##### ## #. ####...# ♣
.♣♣♣♣♣ ♣♣. .......# . ♣
#.♣♣.♣♣♣.♣ .......# ♣.♣.
#.♣.♣.†.♣♣ .......#
♣..##+##..♣♣♣♣♣.♣ .......#
♣.....♣♣♣ ♣♣.


You could see a six-headed hydra, a lindwurm (catching breath) and a komodo
dragon.

Vanquished Creatures
  4 death yaks (Lair:3)
  A skyshark (Lair:3)
  Pikel (D:8)
  8 elephants (Lair:3)
  2 black mambas
  A rime drake (Lair:1)
  5 cane toads
  5 komodo dragons (Lair:3)
  3 blink frogs (Lair:2)
  4 dream sheep (Lair:3)
  15 yaks
  3 wyverns
  2 basilisks
  A steam dragon (D:8)
  3 nagas
  7 water moccasins
  4 orc warriors
  3 black bears
  An ice beast (D:6)
  3 wolves
  A centaur (D:7)
  An ogre (D:6)
  A lemure (D:8)
  9 bullfrogs
  2 kobold brigands
  2 scorpions
  2 electric eels (Lair:1)
  4 howler monkeys (D:8)
  3 bombardier beetles
  3 jellies
  A hound (D:4)
  5 orc priests
  Jessica (D:2)
  2 iguanas
  8 orc wizards
  Robin (D:3)
  4 gnolls (D:3)
  5 adders
  A shadow imp (D:5)
  2 white imps (D:7)
  8 ufetubi
  6 dart slugs
  35 orcs
  8 endoplasms
  7 giant cockroaches
  9 goblins
  10 hobgoblins
  A quokka (D:1)
  13 ball pythons
  5 bats
  3 frilled lizards
  14 kobolds
  9 rats
262 creatures vanquished.

Notes
Turn   | Place    | Note
-------+----------+-------------------------------------------
     0 | D:1      | Arex the Minotaur Berserker began the quest for the Orb.
     0 | D:1      | Reached XP level 1. HP: 19/19 MP: 0/0
   156 | D:1      | Reached XP level 2. HP: 27/27 MP: 1/1
   456 | D:1      | Reached XP level 3. HP: 33/33 MP: 2/2
   461 | D:1      | Reached ** piety under Trog
   887 | D:2      | Noticed Jessica
   897 | D:2      | Killed Jessica
   898 | D:2      | Reached skill level 5 in Axes
  1114 | D:2      | Reached XP level 4. HP: 41/41 MP: 3/3
  1905 | D:3      | Reached XP level 5. HP: 47/47 MP: 4/4
  2293 | D:3      | Noticed Robin
  2307 | D:3      | Killed Robin
  2519 | D:3      | Reached skill level 1 in Stealth
  2522 | D:3      | Reached *** piety under Trog
  2529 | D:3      | Reached skill level 5 in Fighting
  2777 | D:4      | Reached XP level 6. HP: 54/56 MP: 5/5
  3193 | D:4      | Found a white marble altar of Elyvilon.
  3387 | D:4      | Found an opulent altar of Gozag.
  3388 | D:4      | Found Gozag's Platinum Reserve.
  3762 | D:4      | Found a shimmering blue altar of Sif Muna.
  4035 | D:5      | Entered Level 5 of the Dungeon
  4125 | D:5      | Reached XP level 7. HP: 25/61 MP: 6/6
  5919 | D:6      | Reached XP level 8. HP: 71/71 MP: 7/7
  6652 | D:7      | Reached skill level 5 in Armour
  6891 | D:7      | Found an ornate altar of the Wu Jian Council.
  6920 | D:7      | Reached skill level 10 in Axes
  6920 | D:7      | Reached skill level 5 in Dodging
  6943 | D:7      | Found a staircase to the Ecumenical Temple.
  7195 | D:7      | Found an ancient bone altar of Kikubaaqudgha.
  7269 | D:8      | Found Inankode's Hydra Hut.
  7276 | D:8      | Noticed a five-headed hydra
  7281 | D:8      | Bought a +1 war axe of flaming for 146 gold pieces
  7281 | D:8      | Bought a +2 arbalest of freezing for 221 gold pieces
  7289 | D:8      | Reached XP level 9. HP: 79/79 MP: 8/8
  7304 | D:8      | Reached skill level 1 in Ranged Weapons
  7797 | D:8      | Reached skill level 5 in Ranged Weapons
  7806 | D:8      | Reached **** piety under Trog
  7811 | D:8      | Reached XP level 10. HP: 69/90 MP: 9/9
  7873 | D:8      | Found a staircase to the Lair.
  7987 | D:8      | Noticed Pikel
  7996 | D:8      | Killed Pikel
  8056 | Lair:1   | Entered Level 1 of the Lair of Beasts
  8175 | Lair:1   | Noticed a cane toad
  8224 | Lair:1   | Killed a cane toad
  8359 | Lair:1   | Noticed a black mamba
  8373 | Lair:1   | Killed a black mamba
  9192 | Lair:2   | Noticed a cane toad
  9202 | Lair:1   | Reached skill level 10 in Fighting
  9371 | Lair:2   | Noticed a cane toad
  9385 | Lair:1   | Killed a cane toad
  9708 | Lair:1   | Killed a cane toad
  9941 | Lair:2   | Found a shimmering altar of Xom.
  9973 | Lair:2   | Reached XP level 11. HP: 101/101 MP: 10/10
 10699 | Lair:3   | Reached skill level 10 in Ranged Weapons
 10699 | Lair:3   | Reached skill level 10 in Armour
 10906 | Lair:3   | Noticed a death yak
 10906 | Lair:3   | Noticed a death yak
 10906 | Lair:3   | Noticed a death yak
 10921 | Lair:3   | Killed a death yak
 10929 | Lair:3   | Killed a death yak
 10934 | Lair:3   | Killed a death yak
 11672 | Lair:3   | Noticed a skyshark
 11682 | Lair:3   | Reached XP level 12. HP: 113/113 MP: 11/11
 11960 | Lair:3   | Noticed a death yak
 11968 | Lair:3   | Killed a death yak
 12011 | Lair:3   | Noticed a six-headed hydra
 12022 | Lair:3   | Killed from afar by a lindwurm

Illustrated notes

Levels and vault maps discovered:
D:1:      dpeg_arrival_houses_and_road, layout_loops_ring
D:2:      layout_basic, palyth_stone_intersect, serial_bayou_lake_a,
          uniq_jessica
D:3:      layout_loops_ring, grunt_ministairs_13, uniq_robin
D:4:      layout_basic, elyvilon_altar_1, nicolae_gozag_zags_fifth_avenue,
          lemuel_blue_sif_altar
D:5:      layout_cave_pods
D:6:      layout_cave_pools
D:7:      layout_rooms, lemuel_coloured_pillars_altar,
          nicolae_wu_jian_wuxing_cycle, okawaru_altar_gauntlet_db,
          minmay_temple_entry_slanted, minmay_misc_feat_four_crosses
D:8:      layout_rooms, david_lair_generic, amcnicky_mini_rare_corridor_liquid,
          doesnt_shop_hydraphobe, uniq_pikel
Lair:1:   layout_gridlike, minmay_hedge_maze, grunt_forest_small_clearing_treed
Lair:2:   layout_gridlike, minmay_shoals_entry_centaurs,
          nicolae_snake_entry_squirm, basic_altar
Lair:3:   nzn_winding_woodlands_medium [nzn_winding_woodlands_5x5_closed_star,
          nzn_winding_woodlands_5x15_cabin, nzn_winding_woodlands_5x5_open_star,
          nzn_winding_woodlands_5x5_cross, nzn_winding_woodlands_center_lodge,
          nzn_winding_woodlands_5x5_checkerboard,
          nzn_winding_woodlands_5x5_perimeter, nzn_winding_woodlands_5x15_pool,
          nzn_winding_woodlands_hourglass], layout_regular_city

Skill      XL: |  1  2  3  4  5  6  7  8  9 10 11 12 |
---------------+-------------------------------------+-----
Axes           | 4 5 6 7 8 10 | 10.1
Fighting       | 4 5 6 7 8 10 12 | 12.9
Dodging        | 3 4 5 |  5.3
Stealth        | 1 2 |  2.3
Armour         | 3 5 7 9 11 12 | 12.1
Ranged Weapons | 6 9 11 | 11.7
Throwing       | |  0.3

Action                     |  1- 3 |  4- 6 |  7- 9 | 10-12 || total
---------------------------+-------+-------+-------+-------++-------
  Melee: Hand axe          |    72 |   162 |   155 |       ||   389
         Headbutt          |     8 |    26 |    47 |    40 ||   121
         Punch             |     1 |     1 |     3 |     2 ||     7
         War axe           |       |       |    87 |   173 ||   260
   Fire: Arbalest          |       |       |       |   113 ||   113
  Throw: Throwing net      |       |       |     1 |       ||     1
 Invoke: Trog's Hand       |     1 |     1 |     7 |     2 ||    11
         Berserk           |       |     4 |     6 |     5 ||    15
         Brothers in Arms  |       |       |       |     2 ||     2
  Evoke: Wand              |       |       |       |     5 ||     5
    Use: Scroll            |       |     6 |     4 |     8 ||    18
         Potion            |       |       |       |     3 ||     3
   Stab: Sleeping          |       |     2 |       |       ||     2
 Armour: Animal skin       |    27 |    90 |       |       ||   117
         Chain mail        |       |       |   152 |       ||   152
         Plate armour      |       |       |    39 |   260 ||   299
  Dodge: Dodged            |    37 |    78 |   187 |   203 ||   505
